Flyers vs Canucks

Created - Tuesday, March 17, 2015 at 23:36

Goals
1 2 3 T
Flyers 0 0 1 1
Canucks 1 0 1 2
Shots
1 2 3 T
Flyers 5 11 17 33
Canucks 15 10 9 34

1st period

1. Canucks , Victor Hedman 14 (Andrei Markov, Mats Zuccarello) at 18:25 (PP)

Penalties :
Brian Strait (Phi) for Hooking (Minor) at 1:45, Clarke MacArthur (Van) for Slashing (Minor) at 10:03, Chris Kreider (Phi) for Holding (Minor) at 17:34

2nd period

No Goal

Penalties :
Chris Kreider (Phi) for Interference (Minor) at 1:54, Clarke MacArthur (Van) for Cross-checking (Minor) at 5:53, Brian Strait (Phi) for Boarding (Minor) at 12:22

3rd period

2. Flyers , P.K. Subban 18 (Evgeni Malkin, Jack Johnson) at 7:42 (PP)
3. Canucks , Joel Ward 16 (Andrei Markov, Pavel Datsyuk) at 14:18

Penalties :
Chris Kreider (Phi) for Roughing (Minor) at 4:56, Zack Kassian (Van) for Tripping (Minor) at 7:12, Derick Brassard (Van) for Roughing (Minor) at 8:03, Zack Kassian (Van) for Hooking (Minor) at 17:45

Goalie Stats

Corey Crawford (Phi), 32 saves from 34 shots - (0.941), L, 42-10-5, 58:01 minutes
Ben Bishop (Van), 32 saves from 33 shots - (0.970), W, 47-7-9, 60:00 minutes

Players Stats for Flyers

Player Name              G  A  P  +/- PIM S  H  SB GA TA FO     MP     PP MP  PK MP  
------------------------------------------------------------------------------------
Brian Strait             0  0  0   0  4   0  0  0  0  1  0/0    12:59   0:00   1:56 
Bryan Little             0  0  0   0  0   5  3  1  2  0  2/3    16:37   3:06   2:26 
Chris Kreider            0  0  0   0  6   0  0  0  1  0  0/0     9:33   0:00   0:00 
Corey Perry              0  0  0   0  0   1  2  0  0  0  0/0    15:06   3:06   0:00 
Daniel Winnik            0  0  0   0  0   2  2  0  0  0  0/0    10:41   0:00   2:02 
Evgeni Malkin            0  1  1  -1  0   3  1  1  4  0  8/21   18:16   5:20   0:00 
Gabriel Landeskog        0  0  0   0  0   3  0  0  3  0  0/0    15:06   3:06   0:00 
Jack Johnson             0  1  1   0  0   2  2  2  0  1  0/0    25:01   5:24   4:26 
Jakub Voracek            0  0  0  -1  0   2  0  0  1  2  0/2    18:16   5:20   0:00 
Jarret Stoll             0  0  0   0  0   0  4  2  0  1  6/13   15:33   0:00   6:21 
Kris Letang              0  0  0  -1  0   3  0  2  0  1  0/0    21:19   3:02   4:21 
Mark Letestu             0  0  0   0  0   1  0  0  2  0  3/4    14:14   0:00   6:45 
Mikko Koivu              0  0  0   0  0   1  2  0  0  0  7/10   11:17   0:00   0:00 
Niklas Kronwall          0  0  0  -1  0   3  0  1  0  1  0/0    20:40   3:02   4:26 
P.K. Subban              1  0  1   0  0   3  1  2  1  3  0/0    23:58   5:24   0:00 
Riley Nash               0  0  0   0  0   0  0  0  0  0  0/0     7:29   0:00   0:00 
Slava Voynov             0  0  0   0  0   1  0  2  0  0  0/0    16:47   0:00   2:25 
Taylor Hall              0  0  0  -1  0   3  0  0  2  1  0/1    18:16   5:20   0:00 

Players Stats for Canucks

Player Name              G  A  P  +/- PIM S  H  SB GA TA FO     MP     PP MP  PK MP  
------------------------------------------------------------------------------------
Andrei Markov            0  2  2   1  0   1  0  0  0  1  0/0    27:07   5:12   5:14 
Boyd Gordon              0  0  0   0  0   2  1  0  0  0  6/12   16:14   0:00   6:59 
Brendan Gallagher        0  0  0   0  0   2  0  0  0  0  2/3     7:52   0:00   0:00 
Casey Cizikas            0  0  0   0  0   0  1  2  1  1  0/0    14:55   0:00   6:59 
Christopher Tanev        0  0  0   0  0   1  0  4  0  0  0/0    18:04   0:00   3:12 
Clarke MacArthur         0  0  0   1  4   2  0  0  0  0  0/0    19:48   5:00   0:00 
Cody Hodgson             0  0  0   0  0   0  0  0  1  0  11/17  16:44   3:47   0:00 
Colby Robak              0  0  0   0  0   0  1  0  0  0  0/0    10:12   0:00   0:00 
Derick Brassard          0  0  0   0  2   4  4  0  1  0  0/0    16:32   3:47   0:00 
Joel Ward                1  0  1   1  0   1  1  1  1  0  1/3    18:25   5:00   0:00 
Mats Zuccarello          0  1  1   0  0   6  0  0  1  0  0/2    18:29   3:47   1:27 
Matt Moulson             0  0  0   0  0   2  1  0  3  0  0/2     8:11   0:00   0:00 
Michael Grabner          0  0  0   0  0   0  2  0  2  1  0/1    14:48   3:35   1:27 
Niklas Hjalmarsson       0  0  0   0  0   2  1  0  0  0  0/0    19:04   3:35   0:00 
Pavel Datsyuk            0  1  1   1  0   4  1  1  6  0  7/12   18:10   5:00   0:00 
Victor Hedman            1  0  1   1  0   4  3  1  0  2  0/0    27:14   5:12   5:14 
Willie Mitchell          0  0  0   0  0   3  1  0  0  2  0/0    13:42   0:00   3:12 
Zack Kassian             0  0  0   0  4   0  2  0  0  0  1/2     5:58   0:00   0:00 

3 Stars

1 - Ben Bishop (Van)
2 - Victor Hedman (Van)
3 - Joel Ward (Van)

Power Play

Flyers - 1 on 5 Attempt(s) - 20.00%
Canucks - 1 on 5 Attempt(s) - 20.00%

Penalty Kill

Flyers - 4 on 5 Attempt(s) - 80.00% - Score 0 goal in Penalty Kill
Canucks - 4 on 5 Attempt(s) - 80.00% - Score 0 goal in Penalty Kill

Team Stat

Flyers - Hits : 17 - Faceoff Wins : 26 - Blocked Shots : 13 - Penalty Minutes : 10
Canucks - Hits : 19 - Faceoff Wins : 28 - Blocked Shots : 9 - Penalty Minutes : 10

Official

Referees : Unknown
Linesman : Unknown

Game Notes

No Game Note

Finance

Level 1 -- Attendance: 5827 (97.12%) -- Ticket Income $466,160
Level 2 -- Attendance: 4927 (98.54%) -- Ticket Income $261,131
Level 3 -- Attendance: 1858 (92.90%) -- Ticket Income $57,598
Level 4 -- Attendance: 3694 (92.35%) -- Ticket Income $62,798
Luxury Box -- Attendance: 1000 (100.00%) -- Ticket Income $176,000
Game was played at the Rogers Place'
Total Attendance: 17306 (96.14%)
Total Ticket Income: $1,023,687
Other Income: $501,607
Total Income: $1,525,294

Flyers

5 vs 5 Forward 
   Center                   Left Wing                Right Wing               Time % Phy DF OF 
 1 Evgeni Malkin            Taylor Hall              Jakub Voracek            35     0   0  5  
 2 Mikko Koivu              Gabriel Landeskog        Corey Perry              30     0   0  5  
 3 Jarret Stoll             Chris Kreider            Bryan Little             22     0   2  3  
 4 Mark Letestu             Daniel Winnik            Riley Nash               13     0   5  0  

5 vs 5 Defense 
   Defense                  Defense                                           Time % Phy DF OF 
 1 Jack Johnson             P.K. Subban                                       35     0   3  2  
 2 Niklas Kronwall          Kris Letang                                       30     0   3  2  
 3 Slava Voynov             Brian Strait                                      22     0   4  1  
 4 Slava Voynov             P.K. Subban                                       13     0   4  1  

PowerPlay Forward 
   Center                   Left Wing                Right Wing               Time % Phy DF OF 
 1 Evgeni Malkin            Taylor Hall              Jakub Voracek            60     0   0  5  
 2 Bryan Little             Gabriel Landeskog        Corey Perry              40     0   0  5  

PowerPlay Defense
   Defense                  Defense                                           Time % Phy DF OF 
 1 Jack Johnson             P.K. Subban                                       60     0   1  4  
 2 Kris Letang              Niklas Kronwall                                   40     0   1  4  

Penalty Kill 4 Players Forward 
   Center                   Wing                     Time % Phy DF OF 
 1 Jarret Stoll             Mark Letestu             60     0   5  0  
 2 Bryan Little             Daniel Winnik            40     0   5  0  

Penalty Kill 4 Players Defense
   Defense                  Defense                  Time % Phy DF OF 
 1 Jack Johnson             Niklas Kronwall          65     0   5  0  
 2 Brian Strait             Kris Letang              35     0   5  0  

Penalty Kill - 3 Players Forward 
   Forward                                           Time % Phy DF OF 
 1 Jarret Stoll                                      60     0   5  0  
 2 Mark Letestu                                      40     0   5  0  

Penalty Kill - 3 Players Defense
   Defense                  Defense                  Time % Phy DF OF 
 1 Jack Johnson             Niklas Kronwall          60     0   5  0  
 2 Brian Strait             Kris Letang              40     0   5  0  

4 vs 4 Forward 
   Center                   Wing                     Time % Phy DF OF 
 1 Evgeni Malkin            Taylor Hall              60     0   0  5  
 2 Mikko Koivu              Corey Perry              40     0   1  4  

4 vs 4 Defense
   Defense                  Defense                  Time % Phy DF OF 
 1 Jack Johnson             P.K. Subban              60     0   1  4  
 2 Niklas Kronwall          Kris Letang              40     0   2  3  

Last Minutes Offensive
   Center                   Left Wing                Right Wing               Defense                  Defense                  
   Evgeni Malkin            Taylor Hall              Jakub Voracek            P.K. Subban              Niklas Kronwall          

Last Minutes Defensive
   Center                   Left Wing                Right Wing               Defense                  Defense                  
   Jarret Stoll             Mark Letestu             Bryan Little             Jack Johnson             Niklas Kronwall          

Goaltenders
Starting : Corey Crawford           
Backup : Darcy Kuemper            

Extra Forwards
Normal : Chris Kreider, Jarret Stoll, Mark Letestu - PP : Chris Kreider, Jarret Stoll - PK : Bryan Little
Extra Defensemen
Normal : Kris Letang, Jack Johnson, Slava Voynov - PP : Slava Voynov - PK : Slava Voynov, P.K. Subban
Penalty Shots
Evgeni Malkin, Taylor Hall, Corey Perry, Bryan Little, Gabriel Landeskog

Canucks

5 vs 5 Forward 
   Center                   Left Wing                Right Wing               Time % Phy DF OF 
 1 Pavel Datsyuk            Clarke MacArthur         Joel Ward                40     1   2  2  
 2 Cody Hodgson             Derick Brassard          Mats Zuccarello          30     1   2  2  
 3 Boyd Gordon              Matt Moulson             Michael Grabner          20     1   2  2  
 4 Zack Kassian             Casey Cizikas            Brendan Gallagher        10     1   3  1  

5 vs 5 Defense 
   Defense                  Defense                                           Time % Phy DF OF 
 1 Andrei Markov            Victor Hedman                                     40     1   2  2  
 2 Christopher Tanev        Niklas Hjalmarsson                                35     1   2  2  
 3 Colby Robak              Willie Mitchell                                   20     1   2  2  
 4 Andrei Markov            Victor Hedman                                     5      1   2  2  

PowerPlay Forward 
   Center                   Left Wing                Right Wing               Time % Phy DF OF 
 1 Pavel Datsyuk            Clarke MacArthur         Joel Ward                60     0   1  4  
 2 Cody Hodgson             Derick Brassard          Mats Zuccarello          40     0   1  4  

PowerPlay Defense
   Defense                  Defense                                           Time % Phy DF OF 
 1 Andrei Markov            Victor Hedman                                     60     1   1  3  
 2 Michael Grabner          Niklas Hjalmarsson                                40     1   1  3  

Penalty Kill 4 Players Forward 
   Center                   Wing                     Time % Phy DF OF 
 1 Boyd Gordon              Casey Cizikas            60     1   3  1  
 2 Mats Zuccarello          Michael Grabner          40     1   3  1  

Penalty Kill 4 Players Defense
   Defense                  Defense                  Time % Phy DF OF 
 1 Andrei Markov            Victor Hedman            60     1   3  1  
 2 Christopher Tanev        Willie Mitchell          40     1   3  1  

Penalty Kill - 3 Players Forward 
   Forward                                           Time % Phy DF OF 
 1 Boyd Gordon                                       60     1   2  2  
 2 Pavel Datsyuk                                     40     1   2  2  

Penalty Kill - 3 Players Defense
   Defense                  Defense                  Time % Phy DF OF 
 1 Andrei Markov            Victor Hedman            60     1   2  2  
 2 Christopher Tanev        Willie Mitchell          40     1   2  2  

4 vs 4 Forward 
   Center                   Wing                     Time % Phy DF OF 
 1 Pavel Datsyuk            Mats Zuccarello          60     1   2  2  
 2 Derick Brassard          Clarke MacArthur         40     1   2  2  

4 vs 4 Defense
   Defense                  Defense                  Time % Phy DF OF 
 1 Andrei Markov            Victor Hedman            60     1   2  2  
 2 Christopher Tanev        Niklas Hjalmarsson       40     1   2  2  

Last Minutes Offensive
   Center                   Left Wing                Right Wing               Defense                  Defense                  
   Pavel Datsyuk            Derick Brassard          Mats Zuccarello          Andrei Markov            Victor Hedman            

Last Minutes Defensive
   Center                   Left Wing                Right Wing               Defense                  Defense                  
   Boyd Gordon              Casey Cizikas            Joel Ward                Christopher Tanev        Victor Hedman            

Goaltenders
Starting : Ben Bishop               
Backup : Peter Budaj              

Extra Forwards
Normal : Cody Hodgson, Brendan Gallagher, Mats Zuccarello - PP : Cody Hodgson, Brendan Gallagher - PK : Joel Ward
Extra Defensemen
Normal : Colby Robak, Victor Hedman, Christopher Tanev - PP : Niklas Hjalmarsson - PK : Christopher Tanev, Willie Mitchell
Penalty Shots
Mats Zuccarello, Pavel Datsyuk, Derick Brassard, Joel Ward, Cody Hodgson

% Time on Ice - Flyers

Lines # - Real PCT - Wanted PCT - Time Play
Normal Forward
1 - 30% - 35% - 12:41
2 - 31% - 30% - 13:10
3 - 22% - 22% - 9:12
4 - 18% - 13% - 7:29
Normal Defense
1 - 36% - 35% - 15:11
2 - 32% - 30% - 13:45
3 - 24% - 22% - 10:12
4 - 8% - 13% - 3:24
PP Forward
1 - 63% - 60% - 5:20
2 - 37% - 40% - 3:06
PP Defense
1 - 64% - 60% - 5:24
2 - 36% - 40% - 3:02
PK Forward
1 - 77% - 60% - 6:45
2 - 23% - 40% - 2:02
PK Defense
1 - 50% - 65% - 4:26
2 - 50% - 35% - 4:21
PK3 Forward
1 - 0% - 60%
2 - 0% - 40%
PK3 Defense
1 - 0% - 60%
2 - 0% - 40%
44 Forward
1 - 0% - 60%
2 - 0% - 40%
44 Defense
1 - 0% - 60%
2 - 0% - 40%
Last Minute Offensive  - 0:15
Last Minute Defensive  - 0:00
Total
Forward - 60:00
Defense - 60:00

% Time on Ice - Canucks

Lines # - Real PCT - Wanted PCT - Time Play
Normal Forward
1 - 36% - 40% - 15:06
2 - 31% - 30% - 13:15
3 - 19% - 20% - 8:11
4 - 14% - 10% - 6:00
Normal Defense
1 - 39% - 40% - 16:41
2 - 37% - 35% - 15:39
3 - 24% - 20% - 10:12
4 - 0% - 5% - 0:00
PP Forward
1 - 57% - 60% - 5:00
2 - 43% - 40% - 3:47
PP Defense
1 - 59% - 60% - 5:12
2 - 41% - 40% - 3:35
PK Forward
1 - 83% - 60% - 6:59
2 - 17% - 40% - 1:27
PK Defense
1 - 62% - 60% - 5:14
2 - 38% - 40% - 3:12
PK3 Forward
1 - 0% - 60%
2 - 0% - 40%
PK3 Defense
1 - 0% - 60%
2 - 0% - 40%
44 Forward
1 - 0% - 60%
2 - 0% - 40%
44 Defense
1 - 0% - 60%
2 - 0% - 40%
Last Minute Offensive  - 0:00
Last Minute Defensive  - 0:15
Total
Forward - 60:00
Defense - 60:00

Play by Play

1st period


0:01 of 1st period - Pavel Datsyuk wins face-off versus Taylor Hall in neutral zone.
0:14 of 1st period - Snap shot by Evgeni Malkin.
0:14 of 1st period - Shot Misses the Net.
1:16 of 1st period - Mikko Koivu is hit by Victor Hedman and loses puck.
1:29 of 1st period - Brian Strait is hit by Matt Moulson and loses puck.
1:45 of 1st period - Minor Penalty to Brian Strait for Hooking.
1:46 of 1st period - Mark Letestu wins face-off versus Pavel Datsyuk in Flyers zone.
1:46 of 1st period - Mark Letestu is hit by Joel Ward.
2:09 of 1st period - Wrist shot by Clarke MacArthur.
2:09 of 1st period - Shot Misses the Net.
2:11 of 1st period - Slapshot by Niklas Hjalmarsson.
2:11 of 1st period - Stopped by Corey Crawford without a rebound.
2:12 of 1st period - Cody Hodgson wins face-off versus Bryan Little in Flyers zone.
2:21 of 1st period - Slapshot by Cody Hodgson.
2:21 of 1st period - Shot Blocked by Kris Letang.
2:23 of 1st period - Slapshot by Andrei Markov.
2:23 of 1st period - Shot Blocked by Slava Voynov.
2:25 of 1st period - Wrist shot by Andrei Markov.
2:25 of 1st period - Stopped by Corey Crawford with a rebound.
2:27 of 1st period - Slapshot by Victor Hedman.
2:27 of 1st period - Stopped by Corey Crawford with a rebound.
3:45 of 1st period - Penalty to Brian Strait is over, Brian Strait is back on ice.
3:59 of 1st period - Slapshot by Brendan Gallagher.
3:59 of 1st period - Stopped by Corey Crawford without a rebound.
4:00 of 1st period - Evgeni Malkin wins face-off versus Brendan Gallagher in Flyers zone.
4:15 of 1st period - Taylor Hall is hit by Zack Kassian and loses puck.
4:30 of 1st period - Slapshot by Evgeni Malkin.
4:30 of 1st period - Shot Misses the Net.
4:36 of 1st period - Taylor Hall is hit by Victor Hedman.
4:48 of 1st period - Niklas Kronwall is hit by Zack Kassian and loses puck.
5:19 of 1st period - Snap shot by Clarke MacArthur.
5:19 of 1st period - Shot Misses the Net.
5:43 of 1st period - Jack Johnson is hit by Boyd Gordon and loses puck.
7:28 of 1st period - Andrei Markov is hit by Jack Johnson and loses puck.
8:01 of 1st period - Icing by Slava Voynov.
8:02 of 1st period - Mikko Koivu wins face-off versus Boyd Gordon in Flyers zone.
8:23 of 1st period - Matt Moulson is hit by Bryan Little and loses puck.
8:36 of 1st period - Colby Robak is hit by Jarret Stoll and loses puck.
9:07 of 1st period - Kris Letang is hit by Derick Brassard and loses puck.
9:22 of 1st period - Niklas Hjalmarsson is hit by Daniel Winnik.
10:03 of 1st period - Minor Penalty to Clarke MacArthur for Slashing.
10:04 of 1st period - Boyd Gordon wins face-off versus Evgeni Malkin in Canucks zone.
10:12 of 1st period - Jack Johnson is hit by Casey Cizikas and loses puck.
10:23 of 1st period - Slapshot by Casey Cizikas.
10:23 of 1st period - Shot Misses the Net.
10:25 of 1st period - Wrist shot by Boyd Gordon.
10:25 of 1st period - Stopped by Corey Crawford with a rebound.
10:27 of 1st period - Slapshot by Victor Hedman.
10:27 of 1st period - Stopped by Corey Crawford with a rebound.
10:59 of 1st period - Boyd Gordon is hit by Jack Johnson and loses puck.
11:27 of 1st period - Snap shot by Gabriel Landeskog.
11:27 of 1st period - Stopped by Ben Bishop with a rebound.
12:03 of 1st period - Penalty to Clarke MacArthur is over, Clarke MacArthur is back on ice.
12:12 of 1st period - Slapshot by Bryan Little.
12:12 of 1st period - Stopped by Ben Bishop with a rebound.
12:14 of 1st period - Wrist shot by Niklas Kronwall.
12:14 of 1st period - Shot Misses the Net.
12:16 of 1st period - Backhand shot by Kris Letang.
12:16 of 1st period - Deflect By Gabriel Landeskog.
12:16 of 1st period - Stopped by Ben Bishop with a rebound.
12:26 of 1st period - Andrei Markov is hit by Daniel Winnik and loses puck.
14:13 of 1st period - Snap shot by Cody Hodgson.
14:13 of 1st period - Shot Blocked by P.K. Subban.
15:02 of 1st period - Snap shot by Pavel Datsyuk.
15:02 of 1st period - Stopped by Corey Crawford with a rebound.
15:16 of 1st period - Slapshot by Pavel Datsyuk.
15:16 of 1st period - Shot Misses the Net.
15:44 of 1st period - Snap shot by Derick Brassard.
15:44 of 1st period - Stopped by Corey Crawford with a rebound.
15:46 of 1st period - Snap shot by Niklas Hjalmarsson.
15:46 of 1st period - Shot Misses the Net.
15:48 of 1st period - Snap shot by Mats Zuccarello.
15:48 of 1st period - Deflect By Cody Hodgson.
15:48 of 1st period - Shot Misses the Net.
15:48 of 1st period - Puck is out of play.
15:49 of 1st period - Mikko Koivu wins face-off versus Cody Hodgson in Flyers zone.
15:54 of 1st period - Slapshot by Mikko Koivu.
15:54 of 1st period - Stopped by Ben Bishop without a rebound.
15:55 of 1st period - Mikko Koivu wins face-off versus Cody Hodgson in Canucks zone.
16:29 of 1st period - Icing by Corey Perry.
16:30 of 1st period - Mikko Koivu wins face-off versus Joel Ward in Flyers zone.
16:55 of 1st period - Slapshot by Evgeni Malkin.
16:55 of 1st period - Stopped by Ben Bishop without a rebound.
16:56 of 1st period - Brendan Gallagher wins face-off versus Jarret Stoll in Canucks zone.
16:56 of 1st period - Brendan Gallagher is hit by Jarret Stoll.
16:59 of 1st period - Icing by Michael Grabner.
17:00 of 1st period - Brendan Gallagher wins face-off versus Jarret Stoll in Canucks zone.
17:17 of 1st period - Wrist shot by Matt Moulson.
17:17 of 1st period - Stopped by Corey Crawford with a rebound.
17:34 of 1st period - Minor Penalty to Chris Kreider for Holding.
17:35 of 1st period - Jarret Stoll wins face-off versus Joel Ward in Flyers zone.
18:23 of 1st period - Slapshot by Andrei Markov.
18:23 of 1st period - Shot Misses the Net.
18:25 of 1st period - Slapshot by Victor Hedman.
18:25 of 1st period - Goal by Victor Hedman - Flyers : 0 - Canucks : 1.
18:26 of 1st period - Cody Hodgson wins face-off versus Jakub Voracek in neutral zone.
18:35 of 1st period - Snap shot by Derick Brassard.
18:35 of 1st period - Stopped by Corey Crawford with a rebound.
18:37 of 1st period - Snap shot by Christopher Tanev.
18:37 of 1st period - Shot Misses the Net.
18:39 of 1st period - Slapshot by Niklas Hjalmarsson.
18:39 of 1st period - Deflect By Derick Brassard.
18:39 of 1st period - Stopped by Corey Crawford without a rebound.
18:40 of 1st period - Cody Hodgson wins face-off versus Evgeni Malkin in Flyers zone.
19:10 of 1st period - Snap shot by Mats Zuccarello.
19:10 of 1st period - Stopped by Corey Crawford with a rebound.
19:12 of 1st period - Snap shot by Mats Zuccarello.
19:12 of 1st period - Stopped by Corey Crawford with a rebound.
19:30 of 1st period - Wrist shot by Clarke MacArthur.
19:30 of 1st period - Stopped by Corey Crawford without a rebound.
19:31 of 1st period - Joel Ward wins face-off versus Mikko Koivu in Flyers zone.
19:44 of 1st period - Victor Hedman is hit by Mikko Koivu and loses puck.
19:54 of 1st period - Off-side.
19:55 of 1st period - Jarret Stoll wins face-off versus Boyd Gordon in neutral zone.
Goals for this period are 0 for Flyers vs 1 for Canucks.
Shots for this period are 5 for Flyers vs 15 for Canucks.

2nd period


0:01 of 2nd period - Pavel Datsyuk wins face-off versus Evgeni Malkin in neutral zone.
0:08 of 2nd period - Jakub Voracek is hit by Pavel Datsyuk and loses puck.
0:38 of 2nd period - Wrist shot by Joel Ward.
0:38 of 2nd period - Shot Misses the Net.
0:54 of 2nd period - Jack Johnson is hit by Derick Brassard and loses puck.
1:05 of 2nd period - Snap shot by Mats Zuccarello.
1:05 of 2nd period - Shot Blocked by Jack Johnson.
1:07 of 2nd period - Wrist shot by Mats Zuccarello.
1:07 of 2nd period - Stopped by Corey Crawford without a rebound.
1:08 of 2nd period - Mikko Koivu wins face-off versus Matt Moulson in Flyers zone.
1:45 of 2nd period - Slapshot by Matt Moulson.
1:45 of 2nd period - Deflect By Kris Letang.
1:45 of 2nd period - Stopped by Corey Crawford without a rebound.
1:46 of 2nd period - Cody Hodgson wins face-off versus Jarret Stoll in Flyers zone.
1:54 of 2nd period - Minor Penalty to Chris Kreider for Interference.
1:55 of 2nd period - Pavel Datsyuk wins face-off versus Jarret Stoll in Flyers zone.
2:21 of 2nd period - Snap shot by Pavel Datsyuk.
2:21 of 2nd period - Stopped by Corey Crawford with a rebound.
2:23 of 2nd period - Slapshot by Victor Hedman.
2:23 of 2nd period - Stopped by Corey Crawford with a rebound.
2:56 of 2nd period - Jarret Stoll is hit by Derick Brassard and loses puck.
3:29 of 2nd period - Kris Letang is hit by Michael Grabner and loses puck.
3:54 of 2nd period - Penalty to Chris Kreider is over, Chris Kreider is back on ice.
4:00 of 2nd period - Wrist shot by Mats Zuccarello.
4:00 of 2nd period - Stopped by Corey Crawford without a rebound.
4:01 of 2nd period - Cody Hodgson wins face-off versus Evgeni Malkin in Flyers zone.
4:09 of 2nd period - Off-side.
4:10 of 2nd period - Zack Kassian wins face-off versus Evgeni Malkin in neutral zone.
4:39 of 2nd period - Snap shot by Jakub Voracek.
4:39 of 2nd period - Shot Misses the Net.
4:41 of 2nd period - Slapshot by P.K. Subban.
4:41 of 2nd period - Stopped by Ben Bishop with a rebound.
5:03 of 2nd period - P.K. Subban is hit by Willie Mitchell and loses puck.
5:12 of 2nd period - Wrist shot by Matt Moulson.
5:12 of 2nd period - Shot Blocked by Jack Johnson.
5:14 of 2nd period - Snap shot by Boyd Gordon.
5:14 of 2nd period - Stopped by Corey Crawford with a rebound.
5:16 of 2nd period - Slapshot by Niklas Hjalmarsson.
5:16 of 2nd period - Shot Misses the Net.
5:53 of 2nd period - Minor Penalty to Clarke MacArthur for Cross-checking.
5:54 of 2nd period - Boyd Gordon wins face-off versus Evgeni Malkin in Canucks zone.
5:57 of 2nd period - Off-side.
5:58 of 2nd period - Boyd Gordon wins face-off versus Evgeni Malkin in neutral zone.
6:09 of 2nd period - Snap shot by Evgeni Malkin.
6:09 of 2nd period - Shot Blocked by Casey Cizikas.
6:55 of 2nd period - Slapshot by Casey Cizikas.
6:55 of 2nd period - Shot Misses the Net.
7:07 of 2nd period - Casey Cizikas is hit by Corey Perry and loses puck.
7:29 of 2nd period - Wrist shot by Evgeni Malkin.
7:29 of 2nd period - Stopped by Ben Bishop with a rebound.
7:31 of 2nd period - Slapshot by Jack Johnson.
7:31 of 2nd period - Shot Blocked by Christopher Tanev.
7:40 of 2nd period - Off-side.
7:41 of 2nd period - Bryan Little wins face-off versus Mats Zuccarello in neutral zone.
7:44 of 2nd period - Wrist shot by Gabriel Landeskog.
7:44 of 2nd period - Stopped by Ben Bishop with a rebound.
7:46 of 2nd period - Slapshot by Jack Johnson.
7:46 of 2nd period - Shot Hit the Post.
7:53 of 2nd period - Penalty to Clarke MacArthur is over, Clarke MacArthur is back on ice.
8:43 of 2nd period - Icing by Niklas Hjalmarsson.
8:44 of 2nd period - Pavel Datsyuk wins face-off versus Jarret Stoll in Canucks zone.
10:09 of 2nd period - Off-side.
10:10 of 2nd period - Mikko Koivu wins face-off versus Cody Hodgson in neutral zone.
10:29 of 2nd period - Snap shot by Corey Perry.
10:29 of 2nd period - Shot Misses the Net.
10:53 of 2nd period - Slapshot by Brendan Gallagher.
10:53 of 2nd period - Stopped by Corey Crawford with a rebound.
11:25 of 2nd period - Niklas Kronwall is hit by Michael Grabner and loses puck.
11:43 of 2nd period - Slapshot by Mark Letestu.
11:43 of 2nd period - Shot Misses the Net.
11:45 of 2nd period - Wrist shot by Kris Letang.
11:45 of 2nd period - Stopped by Ben Bishop with a rebound.
11:51 of 2nd period - Slapshot by Daniel Winnik.
11:51 of 2nd period - Stopped by Ben Bishop without a rebound.
11:52 of 2nd period - Evgeni Malkin wins face-off versus Cody Hodgson in Canucks zone.
12:22 of 2nd period - Minor Penalty to Brian Strait for Boarding.
12:23 of 2nd period - Jarret Stoll wins face-off versus Pavel Datsyuk in Flyers zone.
12:47 of 2nd period - Slapshot by Niklas Kronwall.
12:47 of 2nd period - Deflect By Mark Letestu.
12:47 of 2nd period - Stopped by Ben Bishop with a rebound.
13:31 of 2nd period - Slapshot by Clarke MacArthur.
13:31 of 2nd period - Shot Blocked by Kris Letang.
13:33 of 2nd period - Slapshot by Niklas Hjalmarsson.
13:33 of 2nd period - Stopped by Corey Crawford without a rebound.
13:34 of 2nd period - Bryan Little wins face-off versus Pavel Datsyuk in Flyers zone.
13:49 of 2nd period - Slapshot by Jack Johnson.
13:49 of 2nd period - Stopped by Ben Bishop with a rebound.
13:51 of 2nd period - Snap shot by Niklas Kronwall.
13:51 of 2nd period - Deflect By Andrei Markov.
13:51 of 2nd period - Stopped by Ben Bishop with a rebound.
14:22 of 2nd period - Penalty to Brian Strait is over, Brian Strait is back on ice.
15:12 of 2nd period - Wrist shot by Taylor Hall.
15:12 of 2nd period - Stopped by Ben Bishop without a rebound.
15:13 of 2nd period - Evgeni Malkin wins face-off versus Boyd Gordon in Canucks zone.
15:14 of 2nd period - Slapshot by Jakub Voracek.
15:14 of 2nd period - Stopped by Ben Bishop with a rebound.
15:33 of 2nd period - Slapshot by Willie Mitchell.
15:33 of 2nd period - Stopped by Corey Crawford with a rebound.
15:35 of 2nd period - Snap shot by Willie Mitchell.
15:35 of 2nd period - Shot Blocked by Niklas Kronwall.
16:34 of 2nd period - Brendan Gallagher is hit by Mikko Koivu and loses puck.
16:47 of 2nd period - Backhand shot by Mikko Koivu.
16:47 of 2nd period - Shot Misses the Net.
17:09 of 2nd period - Snap shot by Bryan Little.
17:09 of 2nd period - Shot Blocked by Christopher Tanev.
17:11 of 2nd period - Snap shot by Bryan Little.
17:11 of 2nd period - Deflect By Chris Kreider.
17:11 of 2nd period - Shot Misses the Net.
17:11 of 2nd period - Puck is out of play.
17:12 of 2nd period - Pavel Datsyuk wins face-off versus Mark Letestu in Canucks zone.
17:25 of 2nd period - Wrist shot by Mark Letestu.
17:25 of 2nd period - Deflect By Riley Nash.
17:25 of 2nd period - Shot Misses the Net.
17:25 of 2nd period - Puck is out of play.
17:26 of 2nd period - Mark Letestu wins face-off versus Cody Hodgson in Canucks zone.
17:35 of 2nd period - Wrist shot by Daniel Winnik.
17:35 of 2nd period - Stopped by Ben Bishop without a rebound.
17:36 of 2nd period - Cody Hodgson wins face-off versus Mikko Koivu in Canucks zone.
17:43 of 2nd period - P.K. Subban is hit by Colby Robak and loses puck.
17:56 of 2nd period - Snap shot by Derick Brassard.
17:56 of 2nd period - Stopped by Corey Crawford without a rebound.
17:57 of 2nd period - Pavel Datsyuk wins face-off versus Evgeni Malkin in Flyers zone.
18:04 of 2nd period - Backhand shot by Victor Hedman.
18:04 of 2nd period - Shot Blocked by Evgeni Malkin.
19:46 of 2nd period - Kris Letang is hit by Niklas Hjalmarsson and loses puck.
Goals for this period are 0 for Flyers vs 0 for Canucks.
Shots for this period are 11 for Flyers vs 10 for Canucks.

3rd period


0:01 of 3rd period - Evgeni Malkin wins face-off versus Pavel Datsyuk in neutral zone.
1:07 of 3rd period - Derick Brassard is hit by Jarret Stoll and loses puck.
1:14 of 3rd period - Kris Letang is hit by Derick Brassard and loses puck.
2:40 of 3rd period - Wrist shot by P.K. Subban.
2:40 of 3rd period - Shot Blocked by Casey Cizikas.
3:20 of 3rd period - Snap shot by Clarke MacArthur.
3:20 of 3rd period - Shot Misses the Net.
3:24 of 3rd period - Wrist shot by Pavel Datsyuk.
3:24 of 3rd period - Stopped by Corey Crawford without a rebound.
3:25 of 3rd period - Cody Hodgson wins face-off versus Jakub Voracek in Flyers zone.
3:28 of 3rd period - Slapshot by Mats Zuccarello.
3:28 of 3rd period - Shot Misses the Net.
3:38 of 3rd period - Wrist shot by Taylor Hall.
3:38 of 3rd period - Stopped by Ben Bishop with a rebound.
3:40 of 3rd period - Snap shot by Brian Strait.
3:40 of 3rd period - Shot Misses the Net.
3:42 of 3rd period - Slapshot by Slava Voynov.
3:42 of 3rd period - Shot Misses the Net.
3:44 of 3rd period - Slapshot by Slava Voynov.
3:44 of 3rd period - Stopped by Ben Bishop without a rebound.
3:45 of 3rd period - Cody Hodgson wins face-off versus Evgeni Malkin in Canucks zone.
4:06 of 3rd period - Wrist shot by Mats Zuccarello.
4:06 of 3rd period - Stopped by Corey Crawford with a rebound.
4:30 of 3rd period - Wrist shot by Clarke MacArthur.
4:30 of 3rd period - Stopped by Corey Crawford without a rebound.
4:31 of 3rd period - Jarret Stoll wins face-off versus Pavel Datsyuk in Flyers zone.
4:44 of 3rd period - Pavel Datsyuk is hit by Jarret Stoll and loses puck.
4:56 of 3rd period - Minor Penalty to Chris Kreider for Roughing.
4:57 of 3rd period - Cody Hodgson wins face-off versus Jarret Stoll in Flyers zone.
5:15 of 3rd period - Slapshot by Cody Hodgson.
5:15 of 3rd period - Shot Misses the Net.
6:50 of 3rd period - Joel Ward is hit by Bryan Little and loses puck.
6:56 of 3rd period - Penalty to Chris Kreider is over, Chris Kreider is back on ice.
7:12 of 3rd period - Minor Penalty to Zack Kassian for Tripping.
7:13 of 3rd period - Boyd Gordon wins face-off versus Evgeni Malkin in Canucks zone.
7:40 of 3rd period - Wrist shot by Evgeni Malkin.
7:40 of 3rd period - Stopped by Ben Bishop with a rebound.
7:42 of 3rd period - Slapshot by P.K. Subban.
7:42 of 3rd period - Goal by P.K. Subban - Flyers : 1 - Canucks : 1.
7:43 of 3rd period - Cody Hodgson wins face-off versus Mikko Koivu in neutral zone.
8:03 of 3rd period - Minor Penalty to Derick Brassard for Roughing.
8:04 of 3rd period - Boyd Gordon wins face-off versus Evgeni Malkin in Canucks zone.
9:26 of 3rd period - Slapshot by Kris Letang.
9:26 of 3rd period - Shot Blocked by Victor Hedman.
9:28 of 3rd period - Slapshot by Bryan Little.
9:28 of 3rd period - Stopped by Ben Bishop with a rebound.
9:30 of 3rd period - Slapshot by Kris Letang.
9:30 of 3rd period - Deflect By Gabriel Landeskog.
9:30 of 3rd period - Shot Misses the Net.
9:30 of 3rd period - Puck is out of play.
9:31 of 3rd period - Evgeni Malkin wins face-off versus Mats Zuccarello in Canucks zone.
9:45 of 3rd period - Slapshot by Jack Johnson.
9:45 of 3rd period - Shot Blocked by Christopher Tanev.
9:47 of 3rd period - Backhand shot by Jack Johnson.
9:47 of 3rd period - Shot Misses the Net.
9:49 of 3rd period - Slapshot by Jack Johnson.
9:49 of 3rd period - Stopped by Ben Bishop without a rebound.
9:50 of 3rd period - Evgeni Malkin wins face-off versus Boyd Gordon in Canucks zone.
10:03 of 3rd period - Penalty to Derick Brassard is over, Derick Brassard is back on ice.
10:56 of 3rd period - Slapshot by Niklas Kronwall.
10:56 of 3rd period - Stopped by Ben Bishop without a rebound.
10:57 of 3rd period - Jarret Stoll wins face-off versus Cody Hodgson in Canucks zone.
11:10 of 3rd period - Snap shot by Bryan Little.
11:10 of 3rd period - Stopped by Ben Bishop with a rebound.
11:20 of 3rd period - Wrist shot by Chris Kreider.
11:20 of 3rd period - Deflect By Bryan Little.
11:20 of 3rd period - Stopped by Ben Bishop without a rebound.
11:21 of 3rd period - Evgeni Malkin wins face-off versus Matt Moulson in Canucks zone.
11:28 of 3rd period - Slapshot by Jakub Voracek.
11:28 of 3rd period - Stopped by Ben Bishop with a rebound.
11:30 of 3rd period - Slapshot by P.K. Subban.
11:30 of 3rd period - Stopped by Ben Bishop with a rebound.
11:44 of 3rd period - Snap shot by Michael Grabner.
11:44 of 3rd period - Shot Blocked by P.K. Subban.
12:13 of 3rd period - Victor Hedman is hit by P.K. Subban and loses puck.
12:20 of 3rd period - Wrist shot by Pavel Datsyuk.
12:20 of 3rd period - Stopped by Corey Crawford with a rebound.
12:36 of 3rd period - Slapshot by Willie Mitchell.
12:36 of 3rd period - Stopped by Corey Crawford with a rebound.
12:52 of 3rd period - Slapshot by Kris Letang.
12:52 of 3rd period - Shot Misses the Net.
12:54 of 3rd period - Slapshot by Kris Letang.
12:54 of 3rd period - Stopped by Ben Bishop with a rebound.
13:18 of 3rd period - Slapshot by Kris Letang.
13:18 of 3rd period - Stopped by Ben Bishop without a rebound.
13:19 of 3rd period - Jarret Stoll wins face-off versus Zack Kassian in Canucks zone.
13:44 of 3rd period - Slapshot by Zack Kassian.
13:44 of 3rd period - Shot Misses the Net.
13:46 of 3rd period - Slapshot by Niklas Hjalmarsson.
13:46 of 3rd period - Shot Misses the Net.
13:48 of 3rd period - Slapshot by Christopher Tanev.
13:48 of 3rd period - Deflect By Bryan Little.
13:48 of 3rd period - Stopped by Corey Crawford without a rebound.
13:49 of 3rd period - Pavel Datsyuk wins face-off versus Evgeni Malkin in Flyers zone.
14:16 of 3rd period - Slapshot by Pavel Datsyuk.
14:16 of 3rd period - Shot Misses the Net.
14:18 of 3rd period - Snap shot by Andrei Markov.
14:18 of 3rd period - Deflect By Joel Ward.
14:18 of 3rd period - Goal by Joel Ward - Flyers : 1 - Canucks : 2.
14:19 of 3rd period - Cody Hodgson wins face-off versus Jarret Stoll in neutral zone.
14:30 of 3rd period - Snap shot by Andrei Markov.
14:30 of 3rd period - Shot Misses the Net.
14:32 of 3rd period - Slapshot by Victor Hedman.
14:32 of 3rd period - Shot Blocked by Jarret Stoll.
14:34 of 3rd period - Snap shot by Cody Hodgson.
14:34 of 3rd period - Shot Blocked by Jarret Stoll.
14:42 of 3rd period - Snap shot by Bryan Little.
14:42 of 3rd period - Stopped by Ben Bishop with a rebound.
15:14 of 3rd period - Jack Johnson is hit by Victor Hedman.
15:30 of 3rd period - Snap shot by Evgeni Malkin.
15:30 of 3rd period - Shot Misses the Net.
15:38 of 3rd period - Snap shot by Taylor Hall.
15:38 of 3rd period - Shot Blocked by Pavel Datsyuk.
15:40 of 3rd period - Snap shot by Niklas Kronwall.
15:40 of 3rd period - Stopped by Ben Bishop with a rebound.
15:42 of 3rd period - Slapshot by Kris Letang.
15:42 of 3rd period - Shot Blocked by Joel Ward.
16:00 of 3rd period - Wrist shot by Corey Perry.
16:00 of 3rd period - Stopped by Ben Bishop with a rebound.
16:02 of 3rd period - Slapshot by Kris Letang.
16:02 of 3rd period - Deflect By Corey Perry.
16:02 of 3rd period - Shot Misses the Net.
16:02 of 3rd period - Puck is out of play.
16:03 of 3rd period - Mikko Koivu wins face-off versus Boyd Gordon in Canucks zone.
16:11 of 3rd period - Icing by Boyd Gordon.
16:12 of 3rd period - Mark Letestu wins face-off versus Michael Grabner in Canucks zone.
16:37 of 3rd period - Snap shot by Mark Letestu.
16:37 of 3rd period - Shot Blocked by Christopher Tanev.
17:07 of 3rd period - Niklas Hjalmarsson is hit by Bryan Little.
17:15 of 3rd period - Slapshot by Mats Zuccarello.
17:15 of 3rd period - Shot Blocked by Bryan Little.
17:17 of 3rd period - Wrist shot by Mats Zuccarello.
17:17 of 3rd period - Shot Misses the Net.
17:19 of 3rd period - Slapshot by Willie Mitchell.
17:19 of 3rd period - Shot Misses the Net.
17:21 of 3rd period - Backhand shot by Willie Mitchell.
17:21 of 3rd period - Shot Blocked by Slava Voynov.
17:23 of 3rd period - Backhand shot by Willie Mitchell.
17:23 of 3rd period - Stopped by Corey Crawford with a rebound.
17:25 of 3rd period - Snap shot by Mats Zuccarello.
17:25 of 3rd period - Stopped by Corey Crawford with a rebound.
17:45 of 3rd period - Minor Penalty to Zack Kassian for Hooking.
17:46 of 3rd period - Boyd Gordon wins face-off versus Evgeni Malkin in Canucks zone.
18:01 of 3rd period - Flyers, Corey Crawford is pulled from the net.
18:05 of 3rd period - Backhand shot by Taylor Hall.
18:05 of 3rd period - Stopped by Ben Bishop without a rebound.
18:06 of 3rd period - Evgeni Malkin wins face-off versus Boyd Gordon in Canucks zone.
18:37 of 3rd period - Andrei Markov is hit by Evgeni Malkin and loses puck.
18:56 of 3rd period - Casey Cizikas is hit by Corey Perry and loses puck.
19:45 of 3rd period - Penalty to Zack Kassian is over, Zack Kassian is back on ice.
Goals for this period are 1 for Flyers vs 1 for Canucks.
Shots for this period are 17 for Flyers vs 9 for Canucks.


Output by the SimonT Hockey Simulator (STHS) for Eric Dolegowski -- Original Page W3C XHTML 1.0 Valid
Hockey Simulator - Hockey Simulation - Hockey Manager